 Dungeon Crawl Stone Soup version 0.18.1-48-g4cf74bf (webtiles) character file.

4067 sarahorange the Thaumaturge (level 10, -2/44 HPs)
             Began as a Spriggan Conjurer on July 13, 2016.
             Was a Believer of Vehumet.
             Killed from afar by an electric eel (4 damage)
             ... with a bolt of electricity
             ... on level 8 of the Dungeon on July 14, 2016.
             The game lasted 01:53:10 (12806 turns).

sarahorange the Thaumaturge (Spriggan Conjurer)    Turns: 12806, Time: 01:53:11

Health: -2/44      AC:  4    Str:  5    XL:     10   Next: 5%
Magic:  23/26      EV: 22    Int: 19    God:    Vehumet [**....]
Gold:   450        SH:  6    Dex: 17    Spells: 8 memorised, 9 levels left

rFire  + . .     SeeInvis +     m - +1 dagger
rCold  . . .     Gourm    .     a - +1 robe
rNeg   . . .     Faith    .     (shield restricted)
rPois  .         Spirit   .     (helmet restricted)
rElec  .         Dismiss  .     u - +0 cloak
rCorr  .         Reflect  +     (gloves unavailable)
SustAt .         Harm     .     (boots unavailable)
MR     ++...                    n - +6 amulet of reflection
Stlth  ++++......               r - ring of protection from magic
                                E - ring of protection from fire

@: very quick, very resistant to hostile enchantments, stealthy
A: unfitting armour, see invisible, herbivore 3, speed 3, slow metabolism 2
a: Renounce Religion


You were on level 8 of the Dungeon.
You worshipped Vehumet.
Vehumet was pleased with you.
You were not hungry.

You visited 2 branches of the dungeon, and saw 9 of its levels.
You also visited: Sewer.

You collected 450 gold pieces.

Inventory:

Hand Weapons
 m - a +1 dagger (weapon)
 A - a +0 greatsling
Missiles
 i - 382 stones (quivered)
Armour
 a - a +1 robe (worn)
 u - a +0 cloak (worn)
Jewellery
 l - an uncursed ring of flight
 n - a +6 amulet of reflection (around neck)
 q - an uncursed ring of ice
 r - a ring of protection from magic (right hand)
 E - a ring of protection from fire (left hand)
Wands
 k - a wand of lightning (6/15)
Scrolls
 d - 2 scrolls of immolation
 h - 7 scrolls of identify
 t - 2 scrolls of recharging
 w - a scroll of magic mapping {unknown}
 x - 3 scrolls of amnesia
 y - a scroll of enchant armour
Potions
 e - 2 potions of cure mutation {unknown}
 f - a potion of heal wounds {unknown}
 g - a potion of resistance {unknown}
 j - 3 potions of flight {unknown}
 o - 2 potions of curing
 z - a potion of agility
 B - a potion of berserk rage {unknown}
 C - a potion of haste {unknown}
Books
 b - a book of Conjurations

   Spells                             Type                      Level
   a - Magic Dart                     Conjuration                  1
   b - Searing Ray                    Conjuration                  2
   c - Dazzling Spray                 Conjuration/Hexes            3
   d - Fulminant Prism                Conjuration/Hexes            4
   e - Iskenderun's Mystic Blast      Conjuration                  4
   f - Iskenderun's Battlesphere      Conjuration/Charms           5
 p - a book of Cantrips

   Spells                             Type                      Level
   a - Corona                         Hexes                        1
   b - Animate Skeleton               Necromancy                   1
   c - Summon Small Mammal            Summoning                    1
   d - Apportation                    Translocation                1
Comestibles
 c - 6 bread rations
 s - a fruit
 v - a royal jelly
 D - a slice of pizza


   Skills:
 + Level 0.7 Fighting
 + Level 2.2(2.6) Slings
 + Level 1.6(2.0) Throwing
 + Level 7.0 Dodging
 + Level 6.2 Stealth
 * Level 11.3 Spellcasting
 + Level 6.7 Conjurations
 + Level 4.3 Hexes
 * Level 2.3 Charms
 + Level 1.7 Translocations
 + Level 0.3 Evocations


You had 9 spell levels left.
You knew the following spells:

 Your Spells              Type           Power        Failure   Level  Hunger
a - Magic Dart            Conj           ####         1%          1    None
b - Searing Ray           Conj           #####.       1%          2    None
c - Dazzling Spray        Conj/Hex       ####..       1%          3    None
d - Apportation           Tloc           ###.......   3%          1    None
e - Iskenderun's Mystic   Conj           #####...     4%          4    ##.....
f - Iskenderun's Battles  Conj/Chrm      ####....     34%         5    ####...
g - Fulminant Prism       Conj/Hex       ####......   10%         4    ##.....
h - Throw Flame           Conj/Fire      ###...       2%          2    None


Dungeon Overview and Level Annotations

Branches:
Dungeon (8/15)             Temple (1/1) D:6
   Lair: D:8-11

Altars:
Ashenzari
Cheibriados
Dithmenos
Elyvilon
Fedhas
Gozag
Kikubaaqudgha
Makhleb
Nemelex Xobeh
Okawaru
Pakellas
Qazlal
Ru
Sif Muna
Trog
Vehumet
Xom
Yredelemnul
Zin
The Shining One

Annotations:
D:4 NekoKawashu's ghost, amateur HOFi


Innate Abilities, Weirdness & Mutations

You are tiny and cannot use many weapons and most armour.
You have supernaturally acute eyesight.
You are a herbivore.
You cover ground extremely quickly.
You need consume almost no food.


Message History

The magic dart hits the electric eel.
The electric eel is heavily wounded.
The electric eel shoots out a bolt of lightning at you!
The bolt of electricity hits you! The bolt of electricity misses you.
Casting: Magic Dart
Confirm with . or Enter, or press ? or * to list all spells.
Aiming: Magic Dart
Press: ? - help, Shift-Dir - straight line, f/p - electric eel
Aim: an electric eel (heavily wounded)
The magic dart hits the electric eel.
The electric eel is severely wounded.
The electric eel shoots out a bolt of lightning at you!
The bolt of electricity misses you. The bolt of electricity hits you!
* * * LOW HITPOINT WARNING * * *
The electric eel shoots out a bolt of lightning at you!
The bolt of electricity hits you!
* * * LOW HITPOINT WARNING * * *
The electric eel shoots out a bolt of lightning at you!
The bolt of electricity hits you!
You die...

≈≈≈.≈.......##..#.#.....
≈≈≈≈...(....##..#.#....#
≈≈≈..≈......##..#.....##
≈≈.≈≈.......##..#.......
≈.≈≈≈........#..#.......
..≈≈≈≈.........>.)......
.≈≈≈≈≈≈.#...........#.<.
.≈≈≈≈≈≈.#####.......#...
..≈≈≈≈≈@# #.......#...
.≈≈≈≈≈≈.########....####
≈.≈≈≈≈≈............... #
≈≈≈≈≈≈≈...............##
≈≈≈≈..≈...............##
≈≈≈≈........... #
≈≈≈≈..........( #
≈.;............ #
.....≈.####.... #


You could see an electric eel.

Vanquished Creatures
  A troll (D:8)
  Prince Ribbit (D:7)
  A sky beast (D:7)
  2 orc warriors (D:7)
  2 black bears
  2 ice beasts (D:7)
  2 ogres
  2 phantoms
  4 centaurs
  A wolf (D:8)
  8 big kobolds
  2 scorpions
  A water moccasin skeleton (D:5)
  4 wights (D:7)
  An electric eel (D:8)
  3 crimson imps
  A centaur zombie (D:7)
  A quasit (D:8)
  A giant frog zombie (D:6)
  A jelly (D:8)
  8 hounds
  3 orc priests
  A wasp zombie (D:7)
  A giant frog skeleton (D:7)
  5 orc wizards
  An iguana (D:4)
  6 worker ants
  2 hound skeletons
  A worker ant zombie (D:5)
  10 gnolls
  15 adders
  3 river rats (Sewer)
  An ooze (Sewer)
  2 adder skeletons (D:8)
  4 worms
  5 dart slugs
  8 giant geckos
  28 orcs
  2 ball pythons (Sewer)
  7 bats
  11 giant cockroaches
  5 goblins
  10 hobgoblins
  7 jackals
  3 quokkas
  A giant newt (D:4)
  23 kobolds
  13 rats
  A plant (D:2)
228 creatures vanquished.

Vanquished Creatures (others)
  2 fulminant prisms (D:8)
2 creatures vanquished.

Grand Total: 230 creatures vanquished

Notes
Turn   | Place    | Note
--------------------------------------------------------------
     0 | D:1      | sarahorange the Spriggan Conjurer began the quest for the Orb.
     0 | D:1      | Reached XP level 1. HP: 9/9 MP: 5/5
   185 | D:1      | Reached XP level 2. HP: 13/13 MP: 4/6
   189 | D:1      | Learned a level 2 spell: Searing Ray
  1185 | D:1      | Reached XP level 3. HP: 16/16 MP: 5/8
  1331 | D:1      | Reached skill level 3 in Spellcasting
  1763 | D:2      | Learned a level 3 spell: Dazzling Spray
  2061 | D:2      | Learned a level 1 spell: Apportation
  2656 | D:2      | Reached XP level 4. HP: 21/21 MP: 7/10
  3768 | D:3      | Reached skill level 4 in Spellcasting
  4034 | D:3      | Reached XP level 5. HP: 15/24 MP: 7/12
  4724 | D:3      | Learned a level 4 spell: Iskenderun's Mystic Blast
  4755 | D:4      | Noticed NekoKawashu's ghost (amateur HOFi)
  4866 | D:4      | Reached skill level 1 in Translocations
  5007 | D:4      | Reached skill level 1 in Throwing
  5228 | D:4      | Reached XP level 6. HP: 28/28 MP: 4/13
  5949 | D:4      | Found an oddly glowing altar of Pakellas.
  6135 | D:5      | Entered Level 5 of the Dungeon
  6144 | D:5      | Reached skill level 5 in Spellcasting
  6444 | D:5      | Found a glowing drain.
  6493 | Sewer    | Entered a sewer
  6578 | Sewer    | Reached skill level 1 in Hexes
  6762 | Sewer    | Reached skill level 6 in Spellcasting
  6762 | Sewer    | Reached XP level 7. HP: 32/32 MP: 3/17
  7479 | Sewer    | Reached skill level 7 in Spellcasting
  7928 | D:5      | Reached XP level 8. HP: 36/36 MP: 3/20
  8088 | D:5      | Reached skill level 5 in Dodging
  8320 | D:5      | Reached skill level 8 in Spellcasting
  8350 | D:5      | Reached skill level 5 in Conjurations
  8466 | D:5      | Learned a level 5 spell: Iskenderun's Battlesphere
  8593 | D:5      | Found a basalt altar of Yredelemnul.
  8938 | D:6      | Reached skill level 5 in Stealth
  9042 | D:6      | Noticed a troll
  9386 | D:6      | Found a staircase to the Ecumenical Temple.
  9395 | Temple   | Entered the Ecumenical Temple
  9493 | Temple   | Became a worshipper of Vehumet
  9852 | D:7      | Noticed Prince Ribbit
  9949 | D:7      | Found an opulent altar of Gozag.
 10075 | D:7      | Reached skill level 9 in Spellcasting
 10082 | D:7      | Learned a level 4 spell: Fulminant Prism
 10368 | D:7      | Reached XP level 9. HP: 34/39 MP: 4/23
 10627 | D:7      | Reached * piety under Vehumet
 10627 | D:7      | Offered knowledge of Sandblast by Vehumet.
 10720 | D:7      | Killed Prince Ribbit
 10720 | D:7      | Reached skill level 1 in Slings
 11064 | D:7      | Reached skill level 10 in Spellcasting
 11868 | D:8      | Offered knowledge of Throw Flame by Vehumet.
 11872 | D:8      | Learned a level 2 spell: Throw Flame
 12026 | D:8      | Reached ** piety under Vehumet
 12274 | D:8      | Noticed a troll
 12376 | D:8      | Killed a troll
 12376 | D:8      | Reached skill level 11 in Spellcasting
 12376 | D:8      | Reached skill level 1 in Charms
 12534 | D:8      | Reached XP level 10. HP: 44/44 MP: 10/26
 12805 | D:8      | HP: 2/44 [electric eel/bolt of electricity (9)]
 12806 | D:8      | Killed from afar by an electric eel

Skill      XL: |  1  2  3  4  5  6  7  8  9 10 |
---------------+-------------------------------+-----
Conjurations   | 3 4 5 6 |  6.7
Spellcasting   | 3 4 6 7 9 11 | 11.3
Translocations | 1 |  1.7
Stealth        | 4 5 6 |  6.2
Throwing       | 1 |  1.6
Dodging        | 4 5 7 |  7.0
Hexes          | 1 2 3 4 |  4.3
Slings         | 2 |  2.2
Charms         | 1 2 |  2.3
Fighting       | |  0.7
Evocations     | |  0.3

Action                   |  1- 3 |  4- 6 |  7- 9 | 10-12 || total
-------------------------+-------+-------+-------+-------++-------
Melee: Dagger            |     2 |    32 |    15 |       ||    49
 Fire: Greatsling        |       |       |    13 |       ||    13
Throw: Stone             |    20 |    27 |     9 |       ||    56
 Cast: Magic Dart        |    51 |    77 |   158 |    16 ||   302
       Searing Ray       |    25 |    42 |    97 |     3 ||   167
       Apportation       |     4 |     5 |       |       ||     9
       Dazzling Spray    |     1 |     9 |    17 |       ||    27
       Fulminant Prism   |       |       |     2 |       ||     2
Evoke: Wand              |       |       |     1 |       ||     1
  Use: Scroll            |     3 |       |    13 |       ||    16
       Potion            |       |       |     2 |       ||     2
 Stab: Sleeping          |       |     4 |     3 |       ||     7
  Eat: Fruit             |     1 |     5 |     1 |       ||     7
       Bread ration      |       |       |     1 |       ||     1
Armor: Robe              |     2 |     3 |     2 |       ||     7
Dodge: Dodged            |    11 |    50 |   103 |     2 ||   166
Block: Other             |       |       |    31 |       ||    31
       Reflection        |       |       |     5 |       ||     5
